 Dungeon Crawl Stone Soup version 0.23.2-1-ga50397a (webtiles) character file.

Game seed: 2549276232269727113

634 ohad the Carver (level 7, -1/46 HPs)
             Began as a Formicid Fighter on May 24, 2019.
             Was an Initiate of Gozag.
             Slain by a phantom (5 damage)
             ... on level 7 of the Dungeon.
             The game lasted 00:12:13 (4719 turns).

ohad the Carver (Formicid Fighter)                  Turns: 4719, Time: 00:12:13

Health: -1/46      AC: 15    Str: 20 (21) XL:     7   Next: 79%
Magic:  7/7        EV:  4    Int:  7      God:    Gozag
Gold:   328        SH: 10    Dex: 12      Spells: 6/6 levels left

rFire    . . .     SeeInvis +   a - +0 long sword
rCold    . . .     Gourm    .   c - +1 shield
rNeg     . . .     Faith    .   j - +1 plate armour {MR+}
rPois    +         Spirit   .   (helmet unavailable)
rElec    .         Reflect  .   (no cloak)
rCorr    .         Harm     .   (no gloves)
MR       +....                  y - +0 pair of boots (curse)
Stlth    ..........             (no amulet)
HPRegen  0.15/turn              l - ring of poison resistance
MPRegen  0.10/turn              (no ring)

@: no status effects
A: permanent stasis, dig shafts and tunnels, four strong arms, antennae 3,
iridescent scales 1, deterioration 2, frail 1
a: Dig, Shaft Self, Potion Petition, Call Merchant, Bribe Branch, Renounce
Religion


You were on level 7 of the Dungeon.
You worshipped Gozag.
Gozag was aware of your devotion.
You were not hungry.

You visited 2 branches of the dungeon, and saw 7 of its levels.

You collected 377 gold pieces.
You paid 49 gold pieces to Gozag.

Inventory:

Hand Weapons
 a - a +0 long sword (weapon)
 s - a +0 flail
Missiles
 A - 4 tomahawks (quivered)
 C - 12 poisoned needles
Armour
 b - a +0 scale mail
 c - a +1 shield (worn)
 j - a +1 plate armour of magic resistance (worn)
 q - a cursed +0 ring mail
 y - a cursed +0 pair of boots (worn)
Jewellery
 l - a ring of poison resistance (left hand)
 D - an uncursed amulet of the gourmand
Wands
 r - a wand of paralysis (10)
 B - a wand of enslavement (3)
Scrolls
 e - 8 scrolls of identify
 k - a scroll of immolation {unknown}
 m - a scroll of fear {unknown}
 o - a scroll of fog {unknown}
 t - a scroll of teleportation
 u - 2 scrolls of enchant armour
 v - 2 scrolls of blinking {unknown}
 x - a scroll of remove curse {unknown}
Potions
 d - 2 potions of might
 g - 2 potions of berserk rage
 i - a potion of curing
 n - a potion of heal wounds {unknown}
 p - a potion of resistance {unknown}
Comestibles
 f - 9 rations


   Skills:
 - Level 3.2 Fighting
 + Level 8.2 Long Blades
 - Level 3.2 Armour
 - Level 3.6 Shields


You had 6 spell levels left.
You didn't know any spells.
Your spell library contained the following spells:

 Spells                   Type           Power        Failure   Level  Hunger
 Magic Dart               Conj           #...         100%        1    ##.....
 Call Imp                 Summ           #.......     100%        2    ###....
 Slow                     Hex            #.......     100%        2    ###....
 Conjure Flame            Conj/Fire      #.......     100%        3    ####...
 Mephitic Cloud           Conj/Pois/Air  #.......     100%        3    ####...
 Blink                    Tloc           Unusable     N/A         2    N/A

Dungeon Overview and Level Annotations

Branches:
Dungeon (5/15)             Temple (1/1) D:4

Altars:
Ashenzari
Cheibriados
Dithmenos
Elyvilon
Fedhas
Gozag
Nemelex Xobeh
Okawaru
Sif Muna
Uskayaw
Xom
Yredelemnul

Annotations:
D:5 Pikel


Innate Abilities, Weirdness & Mutations

You cannot be hasted, slowed, berserked, paralysed or teleported.
You can dig through walls and to a lower floor.
Your four strong arms can wield two-handed weapons with a shield.
You have a pair of large antennae on your head. (SInv)
You are partially covered in iridescent scales. (AC +2)
Your body often deteriorates upon taking damage.
You are frail. (-10% HP)


Message History

The orc wizard is no longer distracted by gold.
The orc wizard is almost dead.
The phantom is no longer distracted by gold.
You block the phantom's attack. The orc hits you with a +0 trident.
* * * LOW HITPOINT WARNING * * *
The orc wizard points at you and mumbles some strange words.
The magic dart hits you but does no damage.
Your shield and plate armour prevent you from hitting the orc wizard.
The orc wizard is almost dead.
The orc wizard mumbles some strange words.
The orc wizard blinks!
The phantom hits you but does no damage.
The orc hits you but does no damage.
Okay, then.
Okay, then.
It was a potion of haste.
Your stasis prevents you from being hasted.
The phantom hits you.
You die...
Your body crumbles into a pile of gold.

#########
#........
#........
#........ ##
......... #.#
#........ ##
#.##o.o.....
#.###.$@W......
#.#.##ยง.......
#.###...[....
#.# ##.##<...
#.# .# ### #.#
.# #.# .# #.#
.# ..#


You could see a phantom, an orc wizard and an orc.

Vanquished Creatures
  An ice beast (D:5)
  Blork the orc (D:4)
  A hound (D:4)
  3 orc priests
  2 orc wizards
  A bullfrog skeleton (D:5)
  Ijyb (D:5)
  An iguana (D:5)
  2 worker ants
  A hound skeleton (D:4)
  2 worker ant zombies
  5 adders
  2 adder skeletons (D:3)
  3 worms
  3 dart slugs (D:1)
  2 leopard geckos
  17 orcs
  A ball python (D:2)
  3 giant cockroaches
  3 hobgoblins (D:2)
  2 jackals (D:1)
  2 quokkas
  4 bats
  5 frilled lizards
  A giant cockroach zombie (D:5)
  6 kobolds
  A leopard gecko zombie (D:5)
  3 rats
79 creatures vanquished.

Notes
Turn   | Place    | Note
-------+----------+-------------------------------------------
     0 | D:1      | ohad the Formicid Fighter began the quest for the Orb.
     0 | D:1      | Reached XP level 1. HP: 18/18 MP: 1/1
   285 | D:1      | Reached XP level 2. HP: 21/24 MP: 2/2
   512 | D:1      | Reached skill level 3 in Long Blades
   717 | D:1      | Reached XP level 3. HP: 28/29 MP: 3/3
  1437 | D:2      | Reached skill level 4 in Long Blades
  1437 | D:2      | Reached XP level 4. HP: 34/35 MP: 4/4
  2362 | D:2      | Reached XP level 5. HP: 17/41 MP: 5/5
  2562 | D:3      | Reached skill level 5 in Long Blades
  2820 | D:3      | Reached XP level 6. HP: 25/47 MP: 6/6
  3323 | D:4      | Found a staircase to the Ecumenical Temple.
  3333 | Temple   | Entered the Ecumenical Temple
  3406 | Temple   | Became a worshipper of Gozag Ym Sagoz the Greedy
  3495 | D:4      | Reached skill level 6 in Long Blades
  3707 | D:4      | Found a white marble altar of Elyvilon.
  4065 | D:5      | Entered Level 5 of the Dungeon
  4115 | D:5      | Noticed Blork the orc
  4222 | D:4      | Killed Blork the orc
  4222 | D:4      | Reached XP level 7. HP: 52/52 MP: 7/7
  4232 | D:5      | Reached skill level 7 in Long Blades
  4306 | D:5      | Noticed Ijyb
  4339 | D:5      | Killed Ijyb
  4465 | D:5      | Reached skill level 8 in Long Blades
  4496 | D:5      | Noticed Pikel
  4519 | D:5      | Gained mutation: Your body sometimes deteriorates upon
                  | taking damage. [potion of mutation]
  4519 | D:5      | Gained mutation: You are frail. (-10% HP) [potion of
                  | mutation]
  4519 | D:5      | Gained mutation: You expend magic power (3 MP) to
                  | strengthen your wands. [potion of mutation]
  4519 | D:5      | Gained mutation: Your muscles are strong. (Str +2) [potion
                  | of mutation]
  4523 | D:5      | You fall through a shaft for 2 floors!
  4689 | D:7      | Lost mutation: You expend magic power (3 MP) to strengthen
                  | your wands. [potion of mutation]
  4689 | D:7      | Lost mutation: Your muscles are strong. (Str +2) [potion of
                  | mutation]
  4689 | D:7      | Gained mutation: Your body often deteriorates upon taking
                  | damage. [potion of mutation]
  4689 | D:7      | Gained mutation: You are partially covered in iridescent
                  | scales. (AC +2) [potion of mutation]
  4719 | D:7      | Slain by a phantom

Skill      XL: |  1  2  3  4  5  6  7 |
---------------+----------------------+-----
Long Blades    | 3 4 5 6 8 |  8.2
Fighting       | |  3.2
Armour         | |  3.2
Shields        | |  3.6

Action                   |  1- 3 |  4- 6 |  7- 9 || total
-------------------------+-------+-------+-------++-------
Melee: Long sword        |    96 |   218 |   116 ||   430
Invok: Potion Petition   |       |       |     1 ||     1
 Abil: Dig               |       |     2 |       ||     2
       Shaft Self        |       |       |     1 ||     1
  Use: Potion            |       |       |     5 ||     5
       Scroll            |       |       |     3 ||     3
  Eat: Chunk             |     2 |     7 |       ||     9
       Ration            |       |     1 |     1 ||     2
Armor: Scale mail        |    15 |       |       ||    15
       Plate armour      |    32 |   112 |    59 ||   203
Dodge: Dodged            |    23 |    20 |     8 ||    51
Block: Shield            |    52 |   103 |    65 ||   220
       Rpst.: Long sword |     7 |     2 |     4 ||    13
